 Dungeon Crawl Stone Soup version 0.29-a0-410-g9596d59a08 (webtiles) character file.

Game seed: 867766209722044534

24 Lekart the Skirmisher (level 2, 0/27 HPs)
             Began as a Draconian Chaos Knight on May 14, 2022.
             Was a Plaything of Xom.
             Slain by a gnoll
             ... wielding a +0 flail
              (6 damage)
             ... on level 1 of the Dungeon.
             The game lasted 00:02:50 (1615 turns).

Lekart the Skirmisher (Draconian Chaos Knight)      Turns: 1615, Time: 00:02:50

Health: 0/27       AC:  6    Str: 14    XL:     2   Next: 79%
Magic:  2/2        EV: 12    Int: 12    God:    Xom [..*...]
Gold:   81         SH:  0    Dex: 10    Spells: 1/1 levels left

rFire   . . .      SeeInvis .   a - +0 falchion (chaos)
rCold   . . .      Faith    .   (no shield)
rNeg    . . .      Spirit   .   (body armour unavailable)
rPois   .          Reflect  .   f - +1 hat
rElec   .          Harm     .   (no cloak)
rCorr   .          Rampage  .   (no gloves)
Will    .....                   c - +0 pair of boots
Stlth   +.........              (no amulet)
HPRegen 0.09/turn               (no ring)
MPRegen 0.08/turn               (no ring)

@: no status effects
A: AC +4, unfitting armour, cold-blooded
a: Renounce Religion


You were on level 1 of the Dungeon.
You worshipped Xom.
You were a toy of Xom.
You visited 1 branch of the dungeon, and saw 2 of its levels.

You collected 81 gold pieces.

Inventory:

Hand Weapons
 a - a +0 falchion of chaos (weapon)
Armour
 c - a +0 pair of boots (worn)
 f - a +1 hat (worn)
Scrolls
 g - a scroll of teleportation
 j - 2 scrolls of fear
 k - a scroll of immolation {unknown}
Potions
 d - a potion of curing {unknown}
 e - 2 potions of flight {unknown}
 h - a potion of might {unknown}
Miscellaneous
 b - a piece from Xom's chessboard (15/15) (quivered)


   Skills:
 * Level 3.8 Fighting
 + Level 3.2 Long Blades
 + Level 2.3 Dodging
 + Level 0.9 Evocations


You had one spell level left.
You didn't know any spells.
Your spell library contained the following spells:

 Spells                   Type           Power      Damage    Failure   Level
 Borgnjor's Revivificati  Necr           0%         N/A       100%        8
 Necromutation            Tmut/Necr      0%         N/A       100%        8
 Death's Door             Necr           0%         N/A       100%        9


Dungeon Overview and Level Annotations

Branches:
Dungeon (2/15)

Altars:


Innate Abilities, Weirdness & Mutations

Your plain brown scales are hard. (AC +4)
You cannot fit into any form of body armour.
You are cold-blooded and may be slowed by cold attacks.


Message History

There is a stone staircase leading down here.
You start resting.
HP restored.
You climb downwards.
There is a stone staircase leading up here.
No target in view!
You see here 17 stones.
A gnoll is nearby!
Xom snickers.
Your hat leaps into the air, briefly spins, then lands back on your head!
The gnoll hits you but does no damage.
You barely miss the gnoll. The gnoll barely misses you.
You hit the gnoll.
The gnoll is heavily wounded.
The gnoll hits you with a +0 flail. The gnoll barely misses you.
You closely miss the gnoll.
The gnoll is heavily wounded.
The gnoll hits you with a +0 flail! The gnoll closely misses you.
You hit the gnoll but do no damage.
The gnoll is heavily wounded.
The gnoll hits you with a +0 flail!
* * * LOW HITPOINT WARNING * * *
The gnoll hits you with a +0 spear.
* * * LOW HITPOINT WARNING * * *
You are too injured to fight recklessly!
You are too injured to fight recklessly!
Xom plays with reality for a moment.
The gnoll closely misses you.
You see here 17 stones.
Your bat misses the gnoll.
Your bat hits the gnoll but does no damage.
There is a stone staircase leading up here.
The gnoll closely misses you.
Your bat hits the gnoll but does no damage.
You climb upwards.
Your summoned ally is left behind. "See what I see, my child!"
You detect nothing.
There is a stone staircase leading down here.
You hit the gnoll but do no damage. The gnoll hits you with a +0 flail.
You die...

####### #.....#
############.....#
................g#
.......)........@#
#########........#
#........#
#....###.# ###..#
#.# #..# #.# #..#
#.# ########'###.#
#..........#.#


You could see a gnoll.

Vanquished Creatures
  2 endoplasms (D:1)
  3 goblins
  3 hobgoblins
  2 jackals (D:2)
  3 kobolds
  3 quokkas (D:1)
  2 ball pythons
  2 rats
20 creatures vanquished.

Notes
Turn   | Place    | Note
-------+----------+-------------------------------------------
     0 | D:1      | Lekart the Draconian Chaos Knight began the quest for the
                  | Orb.
     0 | D:1      | Reached XP level 1. HP: 19/19 MP: 1/1
   214 | D:1      | XOM: potion effect (heal wounds)
   261 | D:1      | XOM: divination: magic mapping
   426 | D:1      | XOM: silly message
   431 | D:1      | Reached XP level 2. HP: 26/26 MP: 2/2
   470 | D:1      | XOM: silly message
   687 | D:1      | XOM: silly message
   996 | D:2      | XOM: silly message
  1093 | D:2      | XOM: god gift: scroll labelled GEORIRGHUPUN {god gift}
  1211 | D:2      | XOM: cloud trail
  1319 | D:2      | XOM: god gift: 14 gold pieces
  1415 | D:2      | XOM: noise
  1606 | D:2      | XOM: silly message
  1611 | D:2      | XOM: cast spell 'Summon Small Mammal'
  1614 | D:1      | XOM: divination: detect items
  1615 | D:1      | Slain by a gnoll

Illustrated notes

Levels and vault maps discovered:
D:1:      psy_arrival_conway, layout_basic, grunt_decor_one_mirror
D:2:      layout_basic, serial_forest, infiniplex_forest_straight_4,
          infiniplex_forest_diagonal, infiniplex_forest_straight_2,
          infiniplex_forest_clump_small, infiniplex_forest_clump_diagonal,
          infiniplex_forest_lined_2, infiniplex_forest_end_3,
          infiniplex_forest_end_3, basic_altar

Action                   || total
-------------------------++-------
Melee: Falchion          ||    74
       Tailslap          ||     6
       Punch             ||     1
Evoke: Piece from Xom's  ||     1
  Use: Scroll            ||     5
Armor: Skin              ||    33
Dodge: Dodged            ||    50

Table legend: (Time is in decaauts)
 A = Elapsed time spent in this place.
 B = Non-inter-level travel time spent in this place.
 C = Inter-level travel time spent in this place.
 D = Time resting spent in this place.
 E = Time spent auto-exploring this place.
 F = Levels seen in this place.
 G = Mean time per level.
                   A        B        C        D        E       F      G
               +--------+--------+--------+--------+--------+-----+--------+
         Total |   1631 |   1599 |     32 |    164 |   1183 |   2 |  815.5 |
       Dungeon |   1631 |   1599 |     32 |    164 |   1183 |   2 |  815.5 |
               +--------+--------+--------+--------+--------+-----+--------+

Top non-repeatable levels by time:
     D:1: 1148 daAuts
     D:2: 483 daAuts
